 Dungeon Crawl Stone Soup version 0.21-a0 (webtiles) character file.

941 tyvek the Magician (level 7, -2/50 HPs)
             Began as a Grey Draconian Fire Elementalist on May 19, 2017.
             Killed by divine providence
             ... invoked by an orc priest
              (17 damage)
             ... on level 5 of the Dungeon.
             The game lasted 00:20:26 (6237 turns).

tyvek the Magician (DrFE)                           Turns: 6237, Time: 00:20:27

Health: -2/50      AC: 11    Str: 10    XL:     7   Next: 88%
Magic:  1/16       EV: 12    Int: 17    God:
Gold:   200        SH:  0    Dex: 12    Spells: 3/18 levels left

rFire    . . .     SeeInvis +   a - +1 spear (pierce)
rCold    . . .     Gourm    .   (no shield)
rNeg     . . .     Faith    .   (armour unavailable)
rPois    .         Spirit   .   (helmet restricted)
rElec    .         Reflect  .   (no cloak)
rCorr    .         Harm     .   (no gloves)
MR       .....                  (no boots)
Stlth    ++........             (no amulet)
Regen    0.2/turn               (no ring)
MPRegen  0.2/turn               v - ring of see invisible

@: no status effects
A: walk through water, unfitting armour, unbreathing, cold-blooded, AC +11
a: no special abilities


You were on level 5 of the Dungeon.
You were not hungry.

You visited 2 branches of the dungeon, and saw 6 of its levels.

You collected 200 gold pieces.


Innate Abilities, Weirdness & Mutations

You can walk through water.
Your dull iron-grey scales are very hard. (AC +11)
You cannot fit into any form of body armour.
You can survive without breathing.
You are cold-blooded and may be slowed by cold attacks.


   Skills:
 - Level 1.7 Dodging
 - Level 1.7 Stealth
 * Level 6.2 Spellcasting
 + Level 4.2 Conjurations
 + Level 5.4 Fire Magic


You had 3 spell levels left.
You knew the following spells:

 Your Spells              Type           Power        Failure   Level  Hunger
b - Fireball              Conj/Fire      ###.......   43%         5    #####..
c - Conjure Flame         Conj/Fire      ###.....     4%          3    ##.....
f - Throw Flame           Conj/Fire      ###...       2%          2    None
y - Sticky Flame          Conj/Fire      ###.....     17%         4    ####...
z - Flame Tongue          Conj/Fire      ###..        1%          1    None

Inventory:

Hand Weapons
 a - a +1 spear of piercing (weapon)
 b - a +0 whip of electrocution
Jewellery
 v - a ring of see invisible (right hand)
Wands
 l - a wand of disintegration (15/24)
Scrolls
 d - a scroll of amnesia {unknown}
 e - 2 scrolls of enchant armour
 f - 5 scrolls of teleportation {@r4}
 m - a scroll of noise {unknown}
 o - a scroll of remove curse {@r2}
Potions
 h - a potion of might {unknown}
 j - a potion of haste {@q3}
 n - a potion of brilliance {unknown}
 p - a potion of mutation {!q}
Books
 c - a book of Flames

   Spells                             Type                      Level
   a - Flame Tongue                   Conjuration/Fire             1
   b - Throw Flame                    Conjuration/Fire             2
   c - Conjure Flame                  Conjuration/Fire             3
   d - Inner Flame                    Hexes/Fire                   3
   e - Sticky Flame                   Conjuration/Fire             4
   f - Fireball                       Conjuration/Fire             5
Comestibles
 g - a bread ration {@e1}
 i - 2 meat rations {@e1}
 k - a fruit {@e2}
 q - a chunk of flesh

Dungeon Overview and Level Annotations

Branches:
Dungeon (5/15)             Temple (1/1) D:5

Altars:
Ashenzari
Dithmenos
Elyvilon
Fedhas
Hepliaklqana
Kikubaaqudgha
Ru
Sif Muna
Wu Jian
Xom
Zin
The Shining One

Annotations:
D:2 exclusion: oklob plant

####( ........oo....#
..... .?............
⌠.##. ..........# .
..$... #.......##..
##...# ##.....#.....
#..# ###...).†......
###..# #.......#......
.....#####.##..###......
..............(.@o..>...
....# #######.####......
..<.# #.# ..... ....#
#(# ....
....#########.### ...
[...##..........# .#
....##.....)....# #
................#
....##..........#


You could see an orc priest.


Message History

The orc priest hits you but does no damage.
You barely miss the orc priest.
Your tail-slap misses the orc priest.
The orc priest is moderately wounded.
The orc priest hits you but does no damage.
You barely miss the orc priest.
The orc priest is moderately wounded.
The orc priest hits you but does no damage.
You completely miss the orc priest.
The orc priest is moderately wounded.
The orc priest hits you with a falchion.
You hit the orc priest.
The orc priest is heavily wounded.
The orc priest hits you with a falchion!
* * * LOW HITPOINT WARNING * * *
You hit the orc priest.
The orc priest is almost dead.
The orc priest completely misses you.
You hit the orc priest.
The orc priest is almost dead.
The orc priest looks satisfied for a moment.
The orc priest misses you.
You barely miss the orc priest.
The orc priest is almost dead.
The orc priest hits you with a falchion.
* * * LOW HITPOINT WARNING * * *
You barely miss the orc priest.
Your tail-slap misses the orc priest.
The orc priest is almost dead.
The orc priest invokes the aid of Beogh against you.
Beogh smites you!
You die...

Skill      XL: |  1  2  3  4  5  6  7 |
---------------+----------------------+-----
Conjurations   | 2 3 4 |  4.2
Spellcasting   | 3 4 5 6 |  6.2
Fire Magic     | 4 5 |  5.4
Dodging        | |  1.7
Stealth        | |  1.7

Action                   |  1- 3 |  4- 6 |  7- 9 || total
-------------------------+-------+-------+-------++-------
Melee: Unarmed           |    16 |       |       ||    16
       Spear             |     7 |    46 |    20 ||    73
       Tailslap          |     1 |     5 |       ||     6
       Whip              |       |     8 |       ||     8
 Cast: Flame Tongue      |    29 |    70 |    34 ||   133
       Throw Flame       |    12 |    44 |    18 ||    74
       Conjure Flame     |       |     6 |     3 ||     9
       Sticky Flame      |       |     1 |     1 ||     2
  Use: Scroll            |     5 |     2 |       ||     7
       Potion            |       |     3 |       ||     3
  Eat: Chunk             |     4 |     7 |       ||    11
       Meat ration       |       |     1 |       ||     1
       Bread ration      |       |       |     1 ||     1
Armor: Skin              |     3 |    23 |     3 ||    29
Dodge: Dodged            |    22 |    53 |     7 ||    82

Vault maps used:
D:1:      elethiomel_arrival_shortcut
D:2:      tgw_fedhas
D:3:      serial_bayou, serial_bayou_pond_e, serial_bayou_pond_a,
          serial_bayou_lagoon_a, serial_bayou_pond_e
D:5:      grunt_temple_overflow_lords_of_destruction,
          grunt_temple_overflow_diamond, minmay_temple_entry_junction,
          first_bread
Temple:   minmay_temple_forest_path

Notes
Turn   | Place    | Note
-------+----------+-------------------------------------------
     0 | D:1      | tyvek the Draconian Fire Elementalist began the quest for the Orb.
     0 | D:1      | Reached XP level 1. HP: 14/14 MP: 3/3
   150 | D:1      | Reached XP level 2. HP: 4/20 MP: 0/5
   687 | D:1      | Learned a level 2 spell: Throw Flame
  1031 | D:2      | Reached XP level 3. HP: 26/26 MP: 1/6
  1214 | D:2      | Reached skill level 2 in Conjurations
  1589 | D:2      | Learned a level 3 spell: Conjure Flame
  1613 | D:2      | Found a blossoming altar of Fedhas.
  1625 | D:2      | Noticed an oklob plant
  1926 | D:3      | Reached XP level 4. HP: 33/33 MP: 1/8
  2074 | D:3      | Reached skill level 3 in Spellcasting
  2545 | D:3      | Learned a level 4 spell: Sticky Flame
  2785 | D:3      | Reached XP level 5. HP: 38/38 MP: 5/10
  2851 | D:3      | Reached skill level 4 in Fire Magic
  3389 | D:4      | Reached skill level 4 in Spellcasting
  3634 | D:4      | Reached skill level 3 in Conjurations
  3634 | D:4      | Reached XP level 6. HP: 16/45 MP: 4/12
  3652 | D:4      | HP: 2/45 [orc wizard/magic dart (6)]
  4702 | D:4      | Reached skill level 5 in Spellcasting
  4963 | D:5      | Entered Level 5 of the Dungeon
  4969 | D:5      | Found a staircase to the Ecumenical Temple.
  4978 | Temple   | Entered the Ecumenical Temple
  5469 | D:5      | Your scales start taking on a dull iron-grey colour.
  5469 | D:5      | Reached XP level 7. HP: 27/50 MP: 1/14
  5469 | D:5      | Gained mutation: You can survive without breathing. [Grey Draconian growth]
  5503 | D:4      | Noticed a hungry ghost
  5701 | D:5      | Reached skill level 5 in Fire Magic
  5859 | D:4      | Learned a level 5 spell: Fireball
  5900 | D:5      | Noticed a hungry ghost
  5922 | D:5      | Killed a hungry ghost
  6021 | D:5      | Reached skill level 4 in Conjurations
  6129 | D:5      | Reached skill level 6 in Spellcasting
  6237 | D:5      | Killed from afar by an orc priest

Vanquished Creatures
  A hungry ghost (D:5)
  An orc warrior (D:5)
  An ogre (D:4)
  A phantom (D:5)
  A howler monkey (D:5)
  3 orc priests
  An iguana (D:4)
  5 orc wizards (D:4)
  2 worker ants
  A hound skeleton (D:5)
  A gnoll (D:1)
  A howler monkey skeleton (D:4)
  9 adders
  A shadow imp (D:5)
  An ooze (D:4)
  A dart slug (D:1)
  3 leopard geckos
  18 orcs
  2 ball pythons (D:1)
  7 bats
  2 giant cockroaches (D:1)
  8 goblins
  8 hobgoblins
  A jackal (D:3)
  A frilled lizard (D:1)
  2 kobolds
  A quokka skeleton (D:5)
  5 rats
89 creatures vanquished.
